 Dungeon Crawl Stone Soup version 0.29.0-11-gd7f09526c8 (webtiles) character file.

Game seed: 528936417542359350

208 sasquatch the Shield-Bearer (level 6, -3/60 (70) HPs)
             Began as a Formicid Fighter on Sept 2, 2022.
             Slain by Edmund
             ... wielding a +4 flail of draining
              (6 damage)
             ... on level 4 of the Dungeon.
             The game lasted 00:06:13 (3832 turns).

sasquatch the Shield-Bearer (Formicid Fighter)      Turns: 3832, Time: 00:06:14

HP:   -3/60 (70)    AC: 23    Str: 22    XL:     6   Next: 11%
MP:   6/6           EV:  2    Int:  8    God:
Gold: 184           SH: 10    Dex: 13    Spells: 5/5 levels left

rFire   . . .      SeeInvis .   s - +1 hand axe (venom)
rCold   . . .      Faith    .   c - +0 buckler
rNeg    . . .      Spirit   .   (body armour currently unavailable)
rPois   +          Reflect  +   (helmet unavailable)
rElec   .          Harm     .   (cloak currently unavailable)
rCorr   .          Rampage  .   (gloves currently unavailable)
Will    .....                   (boots currently unavailable)
Stlth   +.........              g - amulet of reflection
HPRegen 0.20/turn               (no ring)
MPRegen 0.10/turn               (no ring)

@: tree-form, heavily drained, very slow
A: stationary, stasis, torment immunity, boosted hp, permanent stasis, dig
shafts and tunnels, (antennae 3), four strong arms
a: no special abilities


You were on level 4 of the Dungeon.
You were a tree.
You visited 1 branch of the dungeon, and saw 4 of its levels.

You collected 184 gold pieces.

Inventory:

Hand Weapons
 a - a +0 war axe
 s - a +1 hand axe of venom (weapon)
Missiles
 o - 9 poisoned darts (quivered)
 w - 4 javelins
Armour
 b - a +0 scale mail (melded)
 c - a +0 buckler (worn)
 l - a +2 leather armour of cold resistance
Jewellery
 g - an amulet of reflection (around neck)
Scrolls
 e - a scroll of enchant weapon {unknown}
 f - a scroll of noise {unknown}
 n - a scroll of poison
Potions
 d - 2 potions of might
 i - a potion of haste {unknown}
 j - 3 potions of curing {unknown}
 m - 2 potions of mutation {unknown}
 q - 2 potions of lignification
 u - a potion of degeneration {unknown}


   Skills:
 - Level 3.2 Fighting
 * Level 5.0 Axes
 - Level 3.2 Armour
 + Level 5.7 Shields


You had 5 spell levels left.
You didn't know any spells.
Your spell library contained the following spells:

 Spells                   Type           Power      Damage    Failure   Level
 Chain Lightning          Conj/Air       0%         N/A       100%        9
 Fire Storm               Conj/Fire      0%         5d1       100%        9
 Shatter                  Erth           0%         3d5*      100%        9


Dungeon Overview and Level Annotations

Branches:
Dungeon (4/15)
 Temple: D:4-7

Altars:
Nemelex Xobeh

Portals:
Sewer: D:4

Annotations:
D:4 Edmund


Innate Abilities, Weirdness & Mutations

You are a tree.
Your roots penetrate the ground, keeping you stationary.
You cannot be teleported.
You are immune to unholy pain and torment.
Your maximum health is greatly increased.
Your equipment is partially melded.
You cannot be hasted, slowed, berserked, paralysed or teleported.
You can dig through walls and to a lower floor.
((You have a pair of large antennae on your head. (SInv)))
Your four strong arms can wield two-handed weapons with a shield.


Message History

You barely miss Edmund.
Edmund is moderately wounded.
You block Edmund's attack.
Unknown command.
You hit Edmund.
Edmund looks even sicker.
Edmund is moderately wounded.
You block Edmund's attack.
Unknown command.
Your unstable footing causes you to fumble your attack.
Edmund hits you with a +4 flail of draining.
* * * LOW HITPOINT WARNING * * *
You feel drained.
* * * LOW HITPOINT WARNING * * *
Edmund hits you with a +4 flail of draining!
* * * LOW HITPOINT WARNING * * *
You feel drained.
* * * LOW HITPOINT WARNING * * *
You hit Edmund but do no damage.
Edmund looks as sick as possible!
Edmund is moderately wounded.
Edmund hits you but does no damage.
You feel drained.
Unknown command.
Really quaff the potion of lignification?
You turn into a tree.
Your +0 scale mail melds into your body.
Your roots penetrate the ground.
Edmund gestures with his flail.
Edmund splashes around in the water.
You hit Edmund.
Edmund looks as sick as possible!
Edmund is heavily wounded.
Edmund splashes around in the water.
You barely miss Edmund.
Edmund is heavily wounded.
Edmund completely misses you.
You hit Edmund.
Edmund is severely wounded.
Edmund hits you but does no damage.
You feel drained.
You hit Edmund.
Edmund looks as sick as possible!
Edmund is severely wounded.
Edmund hits you with a +4 flail of draining.
You die...

######## ##.......
*********########........
*,,,,,,,,...........####.
*.###########.......#,...
*..~~~~~~~~~........#....
*..~~~~∩♣@~†..#+#......(.
*#.~~~~~~††~.##>.....)...
#############*##........
######... ***... *,,,,,
*,,,,, *,,,,* *,,,,*


You could see Edmund (extremely poisoned).

Vanquished Creatures
  An iguana (D:4)
  An orc wizard (D:3)
  2 gnolls (D:2)
  5 adders
  5 worms
  4 orcs (D:3)
  6 ball pythons
  5 bats
  An endoplasm (D:1)
  6 giant cockroaches
  4 goblins
  8 hobgoblins
  11 quokkas
  4 frilled lizards
  6 kobolds
  8 rats
77 creatures vanquished.

Vanquished Creatures (others)
  54 plants (D:2)
54 creatures vanquished.

Grand Total: 131 creatures vanquished

Notes
Turn   | Place    | Note
-------+----------+-------------------------------------------
     0 | D:1      | sasquatch the Formicid Fighter began the quest for the Orb.
     0 | D:1      | Reached XP level 1. HP: 18/18 MP: 1/1
   101 | D:1      | Reached XP level 2. HP: 24/24 MP: 2/2
   541 | D:1      | Reached XP level 3. HP: 27/29 MP: 3/3
  1486 | D:2      | Reached XP level 4. HP: 35/35 MP: 4/4
  1821 | D:2      | Reached skill level 5 in Shields
  1925 | D:2      | Found a sparkling altar of Nemelex Xobeh.
  2185 | D:2      | Reached XP level 5. HP: 39/41 MP: 5/5
  3759 | D:4      | Reached XP level 6. HP: 27/46 MP: 6/6
  3783 | D:4      | Noticed Edmund
  3806 | D:4      | Found a glowing drain.
  3817 | D:4      | Reached skill level 5 in Axes
  3826 | D:4      | HP: 2/43 [Edmund/+4 flail of draining (10)]
  3832 | D:4      | Slain by Edmund

Illustrated notes

Levels and vault maps discovered:
D:1:      amcnicky_arrival_single_pillar, layout_basic
D:2:      wad_woods_stonehenge, layout_basic, chequers_serial_rivers_marsh
D:3:      layout_basic
D:4:      layout_basic, portal_sewer_entry_f, uniq_edmund

Skill      XL: |  1  2  3  4  5  6 |
---------------+-------------------+-----
Axes           | 3 4 5 |  5.0
Shields        | 5 |  5.7
Fighting       | |  3.2
Armour         | |  3.2

Action                   |  1- 3 |  4- 6 || total
-------------------------+-------+-------++-------
Melee: War axe           |   112 |    88 ||   200
       Hand axe          |       |    49 ||    49
Throw: Dart              |       |    14 ||    14
 Abil: Dig               |       |     1 ||     1
  Use: Scroll            |       |     7 ||     7
       Potion            |       |     2 ||     2
Armor: Scale mail        |    39 |    34 ||    73
       Skin              |       |     1 ||     1
Dodge: Dodged            |    42 |    36 ||    78
Block: Buckler           |    62 |    82 ||   144
